 Dungeon Crawl Stone Soup version 0.30.1-11-g7821555f0a (webtiles) character file.

Game seed: 8723483992519081549

12 porpoise the Poker (level 2, -1/23 HPs)
             Began as a Merfolk Gladiator on Dec 23, 2023.
             Succumbed to a gnoll's poison
             ... on level 1 of the Dungeon.
             The game lasted 00:01:50 (362 turns).

porpoise the Poker (Merfolk Gladiator)               Turns: 362, Time: 00:01:50

Health: -1/23      AC:  6    Str: 13 (14) XL:     2   Next: 33%
Magic:  2/2        EV: 11    Int:  6 (7)  God:
Gold:   12         SH:  0    Dex: 13 (15) Spells: 1/1 levels left

rFire   . . .        a - +0 trident
rCold   . . .        (no shield)
rNeg    . . .        g - +0 ring mail
rPois   .            c - +0 helmet
rElec   .            (no cloak)
rCorr   .            (no gloves)
SInv    .            (no boots)
Will    .....        (no amulet)
Stlth   +            (no ring)
HPRegen 0.23/turn    (no ring)
MPRegen 0.08/turn

%: no passive effects
@: lethally poisoned (-1 -> -10)
A: (nimble swimmer 2), mertail
a: no special abilities


You were on level 1 of the Dungeon.
You visited 1 branch of the dungeon, and saw 1 of its levels.

You collected 12 gold pieces.

Inventory:

Hand Weapons
 a - a +0 trident (weapon)
Missiles
 b - 2 poisoned darts
 d - 2 throwing nets (quivered)
 e - a javelin
Armour
 c - a +0 helmet (worn)
 g - a +0 ring mail (worn)
Scrolls
 f - 2 scrolls of identify {unknown}


   Skills:
 + Level 2.5 Fighting
 * Level 4.6 Polearms
 - Level 2.0 Throwing
 - Level 4.0 Dodging


You had one spell level left.
You didn't know any spells.
Your spell library was empty.

Dungeon Overview and Level Annotations

Branches:
Dungeon (1/15)

Altars:


Innate Abilities, Weirdness & Mutations

((You are very nimble when in or above water. (Stealth+, EV+, Speed+++)))
Your lower body shifts to a powerful aquatic tail in water.


Message History

A gnoll comes into view. It is wielding a +3 spear of venom.
The gnoll shouts!
You hear a shout!
The gnoll misses you.
You reach to attack!
You hit the gnoll.
The gnoll is lightly wounded.
The gnoll hits you but does no damage.
You are poisoned.
A hobgoblin comes into view.
You reach to attack!
You hit the gnoll but do no damage.
The gnoll is lightly wounded.
You feel sick. The gnoll hits you but does no damage.
You are more poisoned.
You reach to attack!
You closely miss the gnoll.
The gnoll is lightly wounded.
You feel very sick. The gnoll barely misses you.
You reach to attack!
You closely miss the gnoll.
The gnoll is lightly wounded.
You feel very sick.
The gnoll hits you from afar with a +3 spear of venom.
You are more poisoned.
It was a potion of degeneration.
There was something very wrong with that liquid.
You feel weakened.
You feel dopey.
You feel clumsy.
* * * LOW HITPOINT WARNING * * *
You feel very sick.
A ball python comes into view.
The gnoll misses you.
Unknown command.
Throw: 3 throwing nets
Press: ? - help, Q - select action, (/) - cycle Shift-Dir - straight line, f/p - gnoll
Aim: a gnoll, wielding a +3 spear of venom (lightly wounded, 63% to hit)
You throw a throwing net.
The throwing net closely misses the gnoll.
* * * LOW HITPOINT WARNING * * *
You feel very sick. The gnoll barely misses you.
* * * LOW HITPOINT WARNING * * *
You feel sick.
You die...

#.. .... #... ... ##...
.. .(.... #.
.....g######### #.
....S.S........ #.
#g......# #. #.###.##.
#. #@# .#..# #. #.#
#.#...#######.
#####.###.#...#.......
+...............#####.
#####.#........##...#.
#.#..............[
######.#.#.........#.##
#.............#........
#.####.#.#.......###.##


You could see a hobgoblin and a ball python.

Vanquished Creatures
  A dart slug (D:1)
  2 ball pythons (D:1)
  4 goblins (D:1)
  2 bats (D:1)
  A frilled lizard (D:1)
10 creatures vanquished.

Notes
Turn   | Place    | Note
-------+----------+-------------------------------------------
     0 | D:1      | porpoise the Merfolk Gladiator began the quest for the Orb.
     0 | D:1      | Reached XP level 1. HP: 16/16 MP: 1/1
   116 | D:1      | Reached XP level 2. HP: 23/23 MP: 2/2
   361 | D:1      | HP: 1/23 [poisoned by a gnoll]
   362 | D:1      | Succumbed to a gnoll's poison

Illustrated notes

Levels and vault maps discovered:
D:1:      minmay_arrival_jagged, layout_basic, minivault_26, glass_columns_a

Action                     || total
---------------------------++-------
  Melee: Trident           ||    32
  Throw: Throwing net      ||     1
    Use: Potion            ||     1
 Armour: Ring mail         ||     8
  Dodge: Dodged            ||    21
